 Dungeon Crawl Stone Soup version 0.27.1-33-g824d729ab1 (webtiles) character file.

Game seed: 1721982223491666958

455 Sharkman1231 the Insei (level 6, -1/46 HPs)
             Began as a Demonspawn Wanderer on Dec 26, 2021.
             Killed by a stone arrow (17 damage)
             ... invoked by the wrath of Vehumet
             ... on level 4 of the Dungeon.
             The game lasted 00:04:24 (4417 turns).

Sharkman1231 the Insei (Demonspawn Wanderer)        Turns: 4417, Time: 00:04:25

Health: -1/46      AC:  5    Str: 11    XL:     6   Next: 76%
Magic:  6/6        EV: 12    Int: 14    God:
Gold:   166        SH:  0    Dex: 15    Spells: 5/5 levels left

rFire    + . .     SeeInvis .     - Unarmed
rCold    . . .     Faith    .   (no shield)
rNeg     . . .     Spirit   .   c - +0 leather armour
rPois    .         Reflect  .   m - +1 hat
rElec    .         Harm     .   n - +0 cloak
rCorr    .         Rampage  .   (no gloves)
Will     .....                  (no boots)
Stlth    +.........             (no amulet)
HPRegen  0.15/turn              j - ring of protection from fire
MPRegen  0.10/turn              (no ring)

@: no status effects
A: claws 1, foul stench 1, powered by death 1
a: no special abilities


You were on level 4 of the Dungeon.
You visited 1 branch of the dungeon, and saw 4 of its levels.
You also visited: Sewer.

You collected 166 gold pieces.

Inventory:

Hand Weapons
 b - a +0 short sword
Missiles
 a - 3 throwing nets (quivered)
Armour
 c - a +0 leather armour (worn)
 m - a +1 hat (worn)
 n - a +0 cloak (worn)
 o - a +0 pair of gloves
Magical Staves
 f - a staff of poison
Jewellery
 j - a ring of protection from fire (left claw)
Scrolls
 e - a scroll of magic mapping {unknown}
 g - a scroll of fog {unknown}
 h - a scroll of silence {unknown}
 i - a scroll of immolation {unknown}
 p - a scroll of blinking {unknown}
 s - a scroll of vulnerability {unknown}
 t - a scroll of noise {unknown}
Potions
 k - a potion of flight
 l - a potion of attraction
 q - a potion of haste {unknown}


   Skills:
 - Level 2.4 Fighting
 - Level 1.7 Short Blades
 - Level 0.8 Staves
 - Level 2.6 Dodging
 - Level 1.0 Stealth
 + Level 6.1 Unarmed Combat
 - Level 2.0 Evocations


You had 5 spell levels left.
You didn't know any spells.
Your spell library was empty.

Dungeon Overview and Level Annotations

Branches:
Dungeon (4/15)              Sewer (visited)
 Temple: D:4-7

Altars:
Vehumet


Innate Abilities, Weirdness & Mutations

You have sharp fingernails.
You may rarely emit foul miasma when damaged in melee.
You regenerate a little health from kills.


Message History

The iguana bites you.
You completely miss the iguana.
The iguana is moderately wounded.
You scratch the iguana but do no damage.
You claw the iguana.
The iguana is moderately wounded.
The iguana bites you but does no damage.
You scratch the iguana.
The iguana is moderately wounded.
The iguana bites you.
You scratch the iguana.
The iguana is heavily wounded.
The iguana barely misses you.
You scratch the iguana.
The iguana is severely wounded.
The iguana completely misses you.
You closely miss the iguana.
The iguana is severely wounded.
The iguana misses you.
You scratch the iguana but do no damage.
The iguana is severely wounded.
The iguana bites you.
You closely miss the iguana. Your claw misses the iguana.
The iguana is severely wounded.
The iguana bites you.
You are too injured to fight recklessly!
You are too injured to fight recklessly!
You are too injured to fight recklessly!
You scratch the iguana.
The iguana is almost dead.
The iguana bites you.
You closely miss the iguana.
The iguana is almost dead.
You scratch the iguana.
You kill the iguana!
Your Unarmed Combat skill increases to level 6!
You start resting.
Vehumet rains destruction down upon you!
The stone arrow hits you!
You die...

##.....#............#.
......................
....................# .
.. #..##...###.......#.
...##.....###.........
.........###...#....##.#
#.....<####...##.......
...#...##..........#..
.. ##.....#.....@.###. .
#....###..........#
...... #...........#
..#.##.........#.#...
..###....!....#### ..
..# #..####...# # ##.
#.#.. # #.#...


You could see the wrath of Vehumet (unaware).

Vanquished Creatures
  A water moccasin (Sewer)
  An ice beast (D:2)
  2 orc priests
  An iguana (D:4)
  2 orc wizards
  2 adders
  2 river rats (D:3)
  2 worms
  A dart slug (D:1)
  11 orcs
  5 endoplasms
  4 giant cockroaches (D:1)
  7 goblins
  4 hobgoblins
  2 jackals (Sewer)
  A quokka (D:1)
  7 ball pythons
  2 bats (D:2)
  2 frilled lizards
  9 kobolds
  8 rats
76 creatures vanquished.

Vanquished Creatures (others)
  A plant (D:1)
1 creature vanquished.

Grand Total: 77 creatures vanquished

Notes
Turn   | Place    | Note
-------+----------+-------------------------------------------
     0 | D:1      | Sharkman1231 the Demonspawn Wanderer began the quest for
                  | the Orb.
     0 | D:1      | Sharkman1231 set off with the following items: a +0 short
                  | sword, 4 throwing nets, a +0 leather armour, a potion of
                  | curing
     0 | D:1      | Reached XP level 1. HP: 16/16 MP: 1/1
   481 | D:1      | Gained mutation: You have sharp fingernails. [demonic
                  | ancestry]
   481 | D:1      | Reached XP level 2. HP: 23/23 MP: 2/2
   848 | D:1      | Reached skill level 1 in Unarmed Combat
  1113 | D:1      | Found a faded altar of an unknown god.
  1138 | D:1      | Became a worshipper of Vehumet
  1138 | D:1      | Reached * piety under Vehumet
  1138 | D:1      | Offered knowledge of Freeze by Vehumet.
  1139 | D:1      | Fell from the grace of Vehumet
  1614 | D:1      | Reached XP level 3. HP: 24/28 MP: 3/3
  1945 | D:2      | Reached skill level 2 in Unarmed Combat
  2684 | D:3      | Gained mutation: You regenerate a little health from kills.
                  | [demonic ancestry]
  2684 | D:3      | Reached XP level 4. HP: 10/34 MP: 4/4
  2686 | D:3      | Reached skill level 3 in Unarmed Combat
  2715 | D:3      | Found a glowing drain.
  2757 | Sewer    | Entered a sewer
  2805 | Sewer    | Noticed a water moccasin
  2816 | Sewer    | Killed a water moccasin
  2817 | Sewer    | Reached skill level 4 in Unarmed Combat
  2817 | Sewer    | Gained mutation: You may rarely emit foul miasma when
                  | damaged in melee. [demonic ancestry]
  2817 | Sewer    | Reached XP level 5. HP: 39/39 MP: 5/5
  3305 | D:3      | Noticed an ice beast
  3385 | D:2      | Killed an ice beast
  3386 | D:2      | Reached skill level 5 in Unarmed Combat
  3386 | D:2      | Reached XP level 6. HP: 24/46 MP: 6/6
  4406 | D:4      | Reached skill level 6 in Unarmed Combat
  4417 | D:4      | Killed by a stone arrow

Illustrated notes

Levels and vault maps discovered:
D:1:      ebering_trefoil_3fold, layout_basic, chequers_ecumenical_altar_lobes
D:2:      cheibrodos_pilgrimage, layout_rooms
D:3:      layout_basic, portal_sewer_entry_c
D:4:      layout_cave_pools, minmay_temple_entry_from_below_a, uniq_duvessa

Skill      XL: |  1  2  3  4  5  6 |
---------------+-------------------+-----
Unarmed Combat | 1 2 4 5 6 |  6.1
Fighting       | |  2.4
Short Blades   | |  1.7
Staves         | |  0.8
Dodging        | |  2.6
Stealth        | |  1.0
Evocations     | |  2.0

Action                   |  1- 3 |  4- 6 || total
-------------------------+-------+-------++-------
Melee: Staff             |   143 |       ||   143
       Unarmed           |    12 |   158 ||   170
       Short sword       |     1 |       ||     1
       Punch             |       |     2 ||     2
Throw: Throwing net      |       |     3 ||     3
Invok: Renounce Religion |     1 |       ||     1
  Use: Potion            |     2 |     2 ||     4
       Scroll            |       |     2 ||     2
 Stab: Sleeping          |     2 |     2 ||     4
Armor: Leather armour    |    42 |    37 ||    79
       Skin              |     2 |     8 ||    10
Dodge: Dodged            |    89 |    79 ||   168
